Map: Буревестник РВ

Players

Cham - Winner!

  • Race: Zerg Zerg
  • Spawn Location: 11:00

BuRning

  • Race: Terran Terran
  • Spawn Location: 5:00

Event: 2019 WCS Summer

VOD

Have the link to the VOD?

Description

Time

  • Played on: July 12, 2019, 6:26 a.m.
  • Length: 13:52

All games in this series

Show
View Real Time Build Order
Export as new Build Order

Cham Zerg - Winner!

Build Orders: Hatch First, Swarm Host 

Get SALT Encoding   

  12  0:00  Drone  
  13  0:09  Drone  
  14  0:22  Overlord  
  14  0:24  Extractor x2  
  14  0:25  Drone  
  13  0:29  Drone  
  16  0:50  Hatchery  
  16  0:53  Drone  
  16  0:55  Drone  
  17  0:59  Drone  
  18  1:09  Extractor  
  17  1:16  Spawning Pool  
  17  1:18  Drone  
  17  1:22  Drone  
  18  1:27  Drone  
  19  1:38  Drone  
  20  1:49  Overlord  
  20  2:03  Queen x2  
  20  2:04  Zergling x4  
  26  2:26  Hatchery  
  26  2:29  Drone  
  26  2:33  Drone  
  26  2:34  Drone  
  28  2:43  Queen  
  29  2:47  Drone  
  29  2:48  Drone  
  29  2:51  Pneumatized Carapace  
  31  2:52  Overlord  
  31  2:57  Drone  
  32  3:02  Overlord  
  32  3:04  Drone  
  33  3:07  Drone  
  34  3:14  Metabolic Boost, Drone  
  34  3:17  Drone  
  34  3:19  Drone  
  37  3:24  Drone x2  
  39  3:29  Queen  
  39  3:33  Overlord  
  41  3:40  Drone x2  
  41  3:41  Drone x2  
  44  3:43  Zergling x2  
  46  3:50  Zergling x2  
  46  3:51  Zergling x6  
  50  3:55  Queen  
  50  3:57  Drone  
  50  3:59  Drone  
  50  4:00  Drone  
  56  4:02  Drone  
  56  4:04  Drone  
  56  4:08  Overlord  
  57  4:20  Overlord  
  57  4:21  Overlord  
  57  4:26  Queen  
  57  4:29  Drone x6  
  65  4:38  Queen, Overlord  
  67  4:47  Zergling x8  
  67  4:48  Zergling x6  
  67  4:51  Baneling Nest  
  67  4:52  Overlord  
  73  4:54  Spore Crawler  
  73  4:55  Spore Crawler x2  
  73  4:57  Spore Crawler  
  69  5:00  Drone x2  
  69  5:03  Spore Crawler  
  69  5:05  Drone  
  69  5:06  Drone x2  
  73  5:18  Drone x6  
  77  5:23  Lair  
  77  5:24  Queen  
  77  5:25  Extractor  
  77  5:27  Drone x2  
  77  5:28  Drone x3  
  79  5:30  Drone  
  79  5:33  Drone  
  81  5:36  Overlord  
  81  5:42  Overlord  
  81  5:45  Overlord  
  81  5:50  Drone x2, Extractor  
  81  5:51  Extractor  
  81  5:52  Roach Warren  
  81  5:56  Baneling  
  81  5:57  Baneling x4  
  80  5:58  Zergling x8, Evolution Chamber  
  80  5:59  Drone x3, Evolution Chamber  
  80  6:02  Drone  
  80  6:03  Extractor  
  85  6:05  Drone x2  
  85  6:06  Drone x2  
  85  6:10  Overlord  
  89  6:13  Drone  
  90  6:25  Infestation Pit  
  89  6:26  Drone x2  
  89  6:27  Overlord  
  89  6:31  Drone x5, Hatchery  
  95  6:33  Overlord  
  95  6:34  Extractor  
  94  6:42  Overlord  
  94  6:45  Centrifical Hooks  
  93  6:47  Zerg Missile Weapons Level 1, Zerg Ground Armor Level 1  
  93  6:48  Glial Reconstitution  
  93  6:52  Overlord  
  93  6:58  Roach x3  
  93  7:00  Overlord  
  99  7:03  Roach  
  99  7:04  Roach  
  99  7:06  Roach  
  105  7:10  Drone  
  106  7:15  Overlord  
  106  7:16  Roach x2  
  106  7:19  Overlord  
  106  7:22  Roach  
  112  7:26  Overlord  
  112  7:27  Overlord, Roach x2  
  115  7:31  Drone  
  115  7:32  Drone x4  
  115  7:33  Drone  
  115  7:34  Overlord  
  115  7:35  Drone  
  119  7:37  Drone  
  119  7:43  Drone  
  121  7:44  Infestor x2  
  121  7:46  Overlord  
  121  7:47  Drone x4  
  130  7:51  Drone, Extractor x2  
  130  7:57  Zergling x6  
  131  8:01  Overlord  
  131  8:05  Drone x2  
  133  8:18  Ravager x3, Swarm Host  
  133  8:19  Swarm Host x8  
  162  8:23  Drone x2  
  163  8:34  Nydus Network, Swarm Host  
  163  8:35  Zergling x2  
  163  8:36  Zergling x14  
  173  8:42  Overlord  
  173  8:46  Baneling x2  
  173  8:47  Baneling x6, Roach x2  
  173  8:48  Zergling x8, Roach x2  
  185  8:57  Drone, Overlord  
  185  8:59  Zergling x2  
  185  9:02  Overlord  
  187  9:04  Hatchery  
  187  9:06  Zerg Missile Weapons Level 2  
  186  9:11  Nydus Canal  
  186  9:16  Swarm Host x4  
  192  9:19  Zergling x2  
  192  9:20  Zergling x10  
  188  9:29  Zergling x6, Roach x3  
  188  9:30  Zergling x6  
  194  9:32  Nydus Canal  
  190  9:40  Zergling x8, Roach x2  
  190  9:41  Zergling x2  
  199  9:45  Nydus Canal  
  199  9:46  Zerg Ground Armor Level 2  
  199  9:47  Zergling x2  
  199  9:50  Overlord  
  199  9:51  Overlord  
  200  9:53  Baneling x11  
  200  9:54  Baneling x3  
  200  10:09  Baneling x5  
  200  10:10  Baneling x2  
  200  10:15  Nydus Canal  
  195  10:30  Nydus Canal  
  195  10:36  Hive  
  195  10:38  Zergling x10  
  197  10:54  Zergling x8  
  200  11:17  Nydus Canal  
  200  11:24  Zergling x10  
  200  11:31  Roach x3  
  200  11:32  Zergling x4, Roach x2  
  198  11:36  Baneling x17  
  198  11:37  Ravager x2  
  198  11:49  Zergling x12  
  198  11:50  Zergling x6  
  198  11:51  Baneling x11  
  198  11:52  Baneling x7  
  173  12:05  Ravager x2  
  173  12:06  Roach x7  
  175  12:10  Roach  
  175  12:11  Roach x9  
  175  12:12  Roach x2  
  175  12:13  Zergling x2, Roach  
  186  12:16  Roach  
  186  12:17  Roach  
  185  12:24  Zergling x2, Roach x3  
  185  12:25  Zergling x2  
  176  12:34  Roach x3  
  176  12:35  Roach  
  175  12:37  Ravager x5  
  175  12:38  Ravager  
  179  12:49  Extractor  
  179  12:50  Extractor  
  177  12:56  Zergling x4, Roach x3  
  177  12:57  Zergling x10  
  175  12:58  Ravager x6  
  175  12:59  Ravager x3  
  175  13:02  Zergling x4  
  175  13:03  Zergling x4  
  183  13:07  Spire  
  183  13:11  Zergling x2  
  183  13:12  Zergling x4  
  165  13:24  Roach  
  165  13:25  Roach x4  
  155  13:30  Roach x2  
  161  13:44  Hatchery  
  161  13:46  Spine Crawler x2  
Show
View Real Time Build Order
Export as new Build Order

BuRning Terran 

Build Orders: Liberator Opening, Reaper Expand 

Get SALT Encoding   

  12  0:00  SCV  
  13  0:12  SCV  
  14  0:16  Supply Depot  
  14  0:24  SCV  
  15  0:38  SCV  
  15  0:39  Barracks  
  16  0:43  Refinery  
  16  0:50  SCV  
  17  1:02  SCV  
  18  1:14  SCV  
  19  1:27  Orbital Command, Reaper  
  20  1:40  Command Center  
  20  1:52  Supply Depot  
  20  1:53  SCV  
  21  1:59  Marine  
  22  2:04  Factory  
  22  2:07  SCV  
  23  2:11  Refinery  
  23  2:19  SCV  
  23  2:21  Barracks Reactor  
  24  2:31  SCV  
  25  2:43  SCV  
  26  2:49  Starport  
  26  2:53  Orbital Command  
  26  2:55  SCV  
  27  3:05  Marine, Hellion x2  
  32  3:10  SCV  
  33  3:18  SCV  
  34  3:24  SCV  
  34  3:26  Hellion  
  34  3:27  Starport Tech Lab, Hellion, Fusion Core  
  39  3:30  SCV  
  40  3:36  SCV, Supply Depot  
  41  3:43  SCV  
  43  3:48  SCV  
  43  3:49  Hellion  
  46  3:55  SCV  
  46  3:58  Hellion  
  46  3:59  Liberator  
  46  4:00  SCV  
  46  4:02  Supply Depot  
  49  4:04  Refinery  
  49  4:13  SCV  
  53  4:19  SCV  
  54  4:25  SCV  
  55  4:31  Advanced Ballistics, Command Center, SCV  
  55  4:35  Hellion  
  55  4:36  Hellion  
  55  4:37  SCV  
  61  4:43  SCV, Supply Depot  
  62  4:45  Supply Depot  
  62  4:47  Liberator  
  62  4:50  Barracks Tech Lab  
  62  5:04  SCV x2  
  67  5:16  SCV x2  
  69  5:26  Command Center  
  69  5:27  Hellion x2  
  73  5:28  SCV x2  
  73  5:32  Refinery, Factory x2  
  75  5:41  SCV x2  
  77  5:43  Supply Depot  
  77  5:45  Barracks Tech Lab  
  77  5:47  Liberator  
  77  5:53  Armory, SCV  
  78  6:04  SCV  
  78  6:05  Hellion x2  
  78  6:10  Supply Depot  
  78  6:11  Armory  
  86  6:16  SCV  
  86  6:17  SCV  
  86  6:18  Infernal Pre-Igniter  
  85  6:25  Supply Depot  
  85  6:28  Cyclone  
  85  6:32  Hellion, SCV, Cyclone  
  92  6:36  SCV  
  92  6:38  Supply Depot  
  93  6:42  Orbital Command, Command Center  
  93  6:44  SCV  
  93  6:46  Terran Vehicle Weapons Level 1  
  94  6:48  SCV  
  94  6:49  Supply Depot  
  95  6:57  SCV, Factory  
  95  6:58  Starport Reactor  
  95  7:00  SCV  
  94  7:01  Terran Vehicle And Ship Armor Level 1  
  94  7:06  Hellion  
  94  7:07  Hellion  
  94  7:08  Cyclone  
  101  7:09  SCV  
  102  7:16  Engineering Bay, SCV x2  
  102  7:20  Refinery x2  
  95  7:31  Cyclone, Hellion x2  
  95  7:33  SCV  
  95  7:35  Mag-Field Accelerator  
  95  7:36  SCV, Factory  
  98  7:38  SCV  
  99  7:44  Factory Reactor  
  99  7:45  SCV  
  99  7:47  Supply Depot  
  99  7:48  SCV  
  101  7:52  SCV  
  101  7:54  Missile Turret, Supply Depot  
  101  7:57  Hellion x2, Cyclone, SCV  
  110  8:00  SCV  
  110  8:02  Missile Turret  
  110  8:04  SCV  
  112  8:08  Hellion  
  112  8:09  SCV  
  112  8:12  SCV, Supply Depot  
  116  8:14  Planetary Fortress  
  116  8:16  SCV  
  116  8:18  Hellion  
  116  8:19  Liberator x2  
  119  8:21  SCV  
  119  8:24  SCV  
  119  8:25  Factory Tech Lab, Hellion x3  
  127  8:28  SCV  
  127  8:29  Cyclone x2  
  134  8:37  SCV  
  134  8:41  Supply Depot x2  
  141  8:44  Siege Tank, Supply Depot  
  141  8:45  Hellion  
  141  8:47  Terran Vehicle Weapons Level 2, Hellion  
  148  8:50  SCV  
  148  8:51  SCV  
  148  8:52  Refinery x2  
  150  8:56  SCV, Hellion x2  
  150  8:57  Terran Vehicle And Ship Armor Level 2  
  150  9:00  SCV  
  156  9:09  Siege Tank, Supply Depot  
  159  9:10  Hellion x3  
  159  9:12  SCV  
  159  9:16  Liberator  
  166  9:18  Hellion x2, Cyclone  
  153  9:32  Liberator  
  153  9:33  Siege Tank, Hellion x2  
  163  9:40  Command Center  
  159  9:49  Hellion x3  
  159  9:50  Siege Tank, SCV  
  172  9:53  Supply Depot x2  
  172  9:54  Supply Depot  
  172  10:07  SCV x2  
  172  10:08  SCV  
  172  10:10  Thor, Missile Turret, Hellion x2  
  172  10:11  Missile Turret  
  176  10:22  Liberator x2  
  176  10:24  SCV  
  176  10:25  Siege Tank, Hellion x3  
  176  10:28  SCV  
  168  10:34  Factory x2  
  168  10:40  Hellion x2  
  178  10:46  Hellion x2  
  180  10:54  Hellion x2  
  184  10:57  Siege Tank, Command Center  
  184  11:01  Hellion  
  176  11:05  Terran Vehicle Weapons Level 3  
  176  11:09  SCV  
  175  11:15  Siege Tank  
  175  11:17  Siege Tank, Hellion x2  
  175  11:18  Liberator x2  
  166  11:34  Siege Tank  
  166  11:35  Hellion x2  
  166  11:38  Factory Reactor  
  166  11:39  Factory Tech Lab, Hellion  
  172  11:41  Missile Turret  
  145  11:56  Siege Tank, Hellion x3  
  143  12:04  Siege Tank, Hellion x2  
  143  12:07  Hellion  
  144  12:12  Orbital Command  
  132  12:17  Hellion x2  
  132  12:18  Hellion  
  132  12:19  Orbital Command  
  126  12:25  Siege Tank  
  126  12:26  Hellion  
  126  12:28  Siege Tank x2  
  126  12:36  Siege Tank  
  129  12:38  Planetary Fortress  
  129  12:39  Hellion x3  
  129  12:43  Liberator x2  
  135  12:58  Siege Tank  
  131  12:59  Hellion  
  131  13:00  Siege Tank, Hellion, Cyclone  
  131  13:01  Orbital Command  
  136  13:08  Siege Tank  
  134  13:14  SCV x3  
  134  13:16  Refinery  
  134  13:18  Refinery  
  133  13:26  SCV  
  103  13:28  Hellion x2  
  102  13:38  SCV x3  
Tags
 
Add a new tag
Caveats
  • Supply blocks, unpowered buildings, or Contaminate may cause inaccurate times.
  • Supply counts are checked every 10 seconds.